Pick #1

Connor Bedard
Pick #2

Leo Carlsson
Pick #3

Adam Fantilli
Pick #4

Matvei Michkov
Pick #5

David Reinbacher
Pick #6

William Smith
Pick #7

Zachary Benson
Pick #8

Ryan Leonard
Pick #9

Gabriel Perreault
Pick #10

Axel Sandin-Pellika
Pick #11

Daniil But
Pick #12

Dalibor Dvorsky
Pick #13

Quentin Musty
Pick #14

Brayden Yager
Pick #15

Dmitry Simashev
Pick #16

Colby Barlow
Pick #17

Andrew Cristall
Pick #18

Easton Cowan
Pick #19

Jacob Fowler
Pick #20

Oliver Moore
Pick #21

Oliver Bonk
Pick #22

Tom Willander
Pick #23

Calum Ritchie
Pick #24

Tanner Molendyk
Pick #25

Gavin Brindley
Pick #26

Nate Danielson
Pick #27

Pick #28

Pick #29

Pick #30

Pick #31

Pick #32

Pick #33

Pick #34

Pick #35

Pick #36

Pick #37

Pick #38

Pick #39

Pick #40

Pick #41

Pick #42

Pick #43

Pick #44

Pick #45

Pick #46

Pick #47

Pick #48

Pick #49

Pick #50

Pick #51

Pick #52

Pick #53

Pick #54

Pick #55

Pick #56

Pick #57

Pick #58

Pick #59

Pick #60

Pick #61

Pick #62

Pick #63

Pick #64

Pick #65

Pick #66

Pick #67

Pick #68

Pick #69

Pick #70

Pick #71

Pick #72

Pick #73

Pick #74

Pick #75

Pick #76

Pick #77

Pick #78

Pick #79

Pick #80

Pick #81

Pick #82

Pick #83

Pick #84

Pick #85

Pick #86

Pick #87

Pick #88

Pick #89

Pick #90

Pick #91

Pick #92

Pick #93

Pick #94

Pick #95

Pick #96

Pick #97

Pick #98

Pick #99

Pick #100

Pick #101

Pick #102

Pick #103

Pick #104

Pick #105

Pick #106

Pick #107

Pick #108

Pick #109

Pick #110

Pick #111

Pick #112

Pick #113

Pick #114

Pick #115

Pick #116

Pick #117

Pick #118

Pick #119

Pick #120

Pick #121

Pick #122

Pick #123

Pick #124

Pick #125

Pick #126

Pick #127

Pick #128

Pick #129

Pick #130

Full Scoreboard »»

Islanders vs Kings

Created - November 11, 2023 at 18:44

Goals
1 2 3 T
Islanders 0 4 0 4
Kings 1 0 1 2
Shots
1 2 3 T
Islanders 14 16 14 44
Kings 2 8 10 20

GoalsPenalties
1st period
1. Kings , Conor Sheary 2 (David Savard 4) at 3:06
Ryan Suter (LOS) for Interference (Minor) at 3:57
Rasmus Ristolainen (LOS) for Holding (Minor) at 5:25
Neal Pionk (NYI) for Hooking (Minor) at 12:05
2nd period
2. Islanders , Jean-Gabriel Pageau 2 (Ryan Graves 4, Igor Shesterkin) at 3:54
3. Islanders , Jake Guentzel 5 (Brent Burns 14, Connor McDavid 15) at 6:57
4. Islanders , Mason Marchment 4 (Shayne Gostisbehere 4, Jean-Gabriel Pageau 4) at 16:11
5. Islanders , Jake Guentzel 6 (Connor McDavid 16, Shayne Gostisbehere 5) at 19:42 (PP)
Rasmus Ristolainen (LOS) for Tripping (Minor) at 19:18
3rd period
6. Kings , Evander Kane 5 (Ilya Mikheyev 5, Matt Duchene 8) at 3:54 (PP)
Connor McDavid (NYI) for Hooking (Minor) at 2:34
Evander Kane (LOS) for Cross-checking (Minor) at 5:16
Jonas Brodin (LOS) for Interference (Minor) at 13:49
Tanner Jeannot (NYI) for Holding (Minor) at 13:49
Goalie Stats
Igor Shesterkin (NYI), 18 saves from 20 shots - (0.900), W, 7-6-2, 60:00 minutes
Ville Husso (LOS), 40 saves from 44 shots - (0.909), L, 8-4-1, 60:00 minutes
3 StarsOfficial
1 - Jake Guentzel (NYI)
2 - Jean-Gabriel Pageau (NYI)
3 - Brent Burns (NYI)
Referees : Robert Hennessey and Dave Lewis
Linesman : Kiel Murchison and Jonny Murray
Game Note
No Game Note
Finance
Level 1 -- Attendance: 6474 (99.60%) -- Ticket Income $615,030
Level 2 -- Attendance: 4479 (89.58%) -- Ticket Income $335,925
Level 3 -- Attendance: 3130 (89.43%) -- Ticket Income $172,150
Level 4 -- Attendance: 2118 (100.00%) -- Ticket Income $84,720
Luxury Box -- Attendance: 918 (91.80%) -- Ticket Income $206,550
Game was played at the Staples Center.
Total Attendance: 17119 (94.49%)
Total Ticket Income: $1,414,375
Other Income: $353,594
Total Income: $1,767,969



Team Name Goals Shots Shots Attemp Shots Blocked PIM HIT PP PK FO%
Islanders 4447366211 / 4 (25%)154%
Kings 22041910201 / 2 (50%)146%

Islanders
Player Name POS G A P +/- PIM HIT SHT SB MP PP MP PP SHT PK MP PK SHT FO% FOT
Barrett HaytonC000-100105:000:0000:00067% 3
Brad MarchandLW0000004020:033:2500:00050% 2
Brent BurnsD0111071023:572:4012:0000% 0
Chandler StephensonC0000015020:272:2500:42162% 21
Connor McDavidC0221208021:023:2520:00050% 38
Jake GuentzelLW2021049021:033:2510:0000% 0
Jean-Gabriel PageauC1122002113:300:0002:37152% 21
Justin HollD0001020113:290:0001:0100% 0
Kevin RooneyC000-100005:420:0000:4200% 0
Kyle PalmieriC0002000010:530:0000:0000% 0
Mason MarchmentLW1012003013:182:2500:0000% 0
Michael BuntingLW0000020016:380:0000:00050% 2
Neal PionkD0000211122:333:1010:1800% 0
Pavel BuchnevichLW0001004019:282:2510:0000% 0
Ryan GravesD0110000115:490:0000:0000% 0
Shayne GostisbehereD0221003120:143:1021:1900% 0
Shea TheodoreD0001042123:572:4012:0000% 0
Tanner JeannotLW000-120107:360:0002:3710% 0
Kings
Player Name POS G A P +/- PIM HIT SHT SB MP PP MP PP SHT PK MP PK SHT FO% FOT
Alex OvechkinLW0000031022:582:0110:0000% 2
Brandon SaadLW000-2002013:110:0003:080100% 3
Conor ShearyLW101000104:220:0000:0000% 0
David SavardD0111020215:340:0002:5100% 0
Evander KaneLW1010222016:461:1810:0000% 0
Ilya MikheyevRW011-2002011:541:5100:0000% 0
Jonas BrodinD000-1221125:101:2813:2200% 0
Jordan StaalC000-2050013:050:0003:36030% 20
Logan CoutureC0000012022:082:0100:00050% 2
Mark GiordanoD000-2010118:440:0000:5700% 0
Matt DucheneC0110002016:471:1800:00056% 25
Mattias EkholmD000-1010524:521:2802:4100% 0
Nic DowdC000000006:360:0002:14033% 6
Rasmus RistolainenD0001400014:080:0001:4800% 0
Ryan SuterD000-2213019:371:5120:0000% 0
Sidney CrosbyC0000013022:582:0100:00050% 28
Tyler MotteC000001006:330:0002:1100% 0
Vladimir TarasenkoRW0000001016:121:1800:0000% 1



Play-by-Play

1st period


0:01 of 1st period - Connor McDavid wins face-off versus Sidney Crosby in neutral zone.
0:28 of 1st period - Shot by Pavel Buchnevich.
0:28 of 1st period - Deflect By Jake Guentzel.
0:28 of 1st period - Stopped by Ville Husso without a rebound.
0:29 of 1st period - Matt Duchene wins face-off versus Michael Bunting in Kings zone.
0:29 of 1st period - Matt Duchene is hit by Michael Bunting.
0:48 of 1st period - Shot by Chandler Stephenson.
0:48 of 1st period - Stopped by Ville Husso with a rebound.
1:44 of 1st period - Shot by Jean-Gabriel Pageau.
1:44 of 1st period - Shot Blocked by David Savard.
1:47 of 1st period - Icing by Jordan Staal.
1:48 of 1st period - Barrett Hayton wins face-off versus Jordan Staal in Kings zone.
1:52 of 1st period - Icing by Rasmus Ristolainen.
1:53 of 1st period - Connor McDavid wins face-off versus Jordan Staal in Kings zone.
2:07 of 1st period - David Savard is hit by Brent Burns.
2:12 of 1st period - Icing by Shea Theodore.
2:13 of 1st period - Sidney Crosby wins face-off versus Connor McDavid in Islanders zone.
2:13 of 1st period - Alex Ovechkin is hit by Brent Burns and loses puck.
2:44 of 1st period - Shot by Pavel Buchnevich.
2:44 of 1st period - Shot Misses the Net.
2:46 of 1st period - Shot by Pavel Buchnevich.
2:46 of 1st period - Stopped by Ville Husso without a rebound.
2:47 of 1st period - Nic Dowd wins face-off versus Barrett Hayton in Kings zone.
3:06 of 1st period - Shot by Conor Sheary.
3:06 of 1st period - Goal by Conor Sheary - Islanders : 0 - Kings : 1.
3:07 of 1st period - Chandler Stephenson wins face-off versus Jordan Staal in neutral zone.
3:16 of 1st period - Shot by Brad Marchand.
3:16 of 1st period - Stopped by Ville Husso with a rebound.
3:32 of 1st period - Shot by Chandler Stephenson.
3:32 of 1st period - Stopped by Ville Husso without a rebound.
3:33 of 1st period - Jean-Gabriel Pageau wins face-off versus Sidney Crosby in Kings zone.
3:57 of 1st period - Minor Penalty to Ryan Suter for Interference.
3:58 of 1st period - Connor McDavid wins face-off versus Jordan Staal in Kings zone.
4:17 of 1st period - Shot by Connor McDavid.
4:17 of 1st period - Stopped by Ville Husso without a rebound.
4:18 of 1st period - Jordan Staal wins face-off versus Chandler Stephenson in Kings zone.
5:03 of 1st period - Shot by Shayne Gostisbehere.
5:03 of 1st period - Stopped by Ville Husso without a rebound.
5:04 of 1st period - Brandon Saad wins face-off versus Connor McDavid in Kings zone.
5:18 of 1st period - Shot by Shea Theodore.
5:18 of 1st period - Stopped by Ville Husso without a rebound.
5:19 of 1st period - Connor McDavid wins face-off versus Jordan Staal in Kings zone.
5:25 of 1st period - Minor Penalty to Rasmus Ristolainen for Holding.
5:26 of 1st period - Connor McDavid wins face-off versus Jordan Staal in Kings zone.
5:27 of 1st period - Shot by Brent Burns.
5:27 of 1st period - Stopped by Ville Husso without a rebound.
5:28 of 1st period - Jordan Staal wins face-off versus Connor McDavid in Kings zone.
6:05 of 1st period - Connor McDavid is hit by David Savard.
6:10 of 1st period - Connor McDavid is hit by David Savard and loses puck.
6:13 of 1st period - Shot by Brent Burns.
6:13 of 1st period - Deflect By Brad Marchand.
6:13 of 1st period - Shot Blocked by Jonas Brodin.
7:01 of 1st period - Shot by Neal Pionk.
7:01 of 1st period - Shot Misses the Net.
7:43 of 1st period - Barrett Hayton is hit by Alex Ovechkin and loses puck.
8:02 of 1st period - Shot by Logan Couture.
8:02 of 1st period - Shot Misses the Net.
8:43 of 1st period - Icing by Rasmus Ristolainen.
8:44 of 1st period - Connor McDavid wins face-off versus Matt Duchene in Kings zone.
9:48 of 1st period - Neal Pionk is hit by Jonas Brodin.
9:53 of 1st period - Conor Sheary is hit by Jake Guentzel and loses puck.
10:46 of 1st period - Icing by Logan Couture.
10:47 of 1st period - Logan Couture wins face-off versus Jean-Gabriel Pageau in Kings zone.
10:56 of 1st period - Off-side.
10:57 of 1st period - Jean-Gabriel Pageau wins face-off versus Matt Duchene in neutral zone.
11:23 of 1st period - Shot by Mason Marchment.
11:23 of 1st period - Stopped by Ville Husso without a rebound.
11:24 of 1st period - Chandler Stephenson wins face-off versus Jordan Staal in Kings zone.
11:56 of 1st period - Off-side.
11:57 of 1st period - Sidney Crosby wins face-off versus Connor McDavid in neutral zone.
12:05 of 1st period - Minor Penalty to Neal Pionk for Hooking.
12:06 of 1st period - Sidney Crosby wins face-off versus Jean-Gabriel Pageau in Islanders zone.
12:06 of 1st period - Logan Couture is hit by Justin Holl and loses puck.
12:09 of 1st period - Shot by Mattias Ekholm.
12:09 of 1st period - Shot Misses the Net.
12:11 of 1st period - Shot by Logan Couture.
12:11 of 1st period - Shot Misses the Net.
12:13 of 1st period - Shot by Jonas Brodin.
12:13 of 1st period - Shot Blocked by Shayne Gostisbehere.
12:15 of 1st period - Shot by Mattias Ekholm.
12:15 of 1st period - Deflect By Alex Ovechkin.
12:15 of 1st period - Stopped by Igor Shesterkin without a rebound.
12:16 of 1st period - Sidney Crosby wins face-off versus Jean-Gabriel Pageau in Islanders zone.
13:26 of 1st period - Shot by Chandler Stephenson.
13:26 of 1st period - Stopped by Ville Husso without a rebound.
13:27 of 1st period - Matt Duchene wins face-off versus Jean-Gabriel Pageau in Kings zone.
13:39 of 1st period - Shot by Jean-Gabriel Pageau.
13:39 of 1st period - Stopped by Ville Husso with a rebound.
13:41 of 1st period - Shot by Tanner Jeannot.
13:41 of 1st period - Stopped by Ville Husso with a rebound.
14:09 of 1st period - Pavel Buchnevich is hit by Tyler Motte and loses puck.
15:24 of 1st period - Rasmus Ristolainen is hit by Shea Theodore and loses puck.
15:44 of 1st period - Off-side.
15:45 of 1st period - Sidney Crosby wins face-off versus Jean-Gabriel Pageau in neutral zone.
15:50 of 1st period - Shot by Alex Ovechkin.
15:50 of 1st period - Shot Misses the Net.
16:58 of 1st period - Icing by Justin Holl.
16:59 of 1st period - Connor McDavid wins face-off versus Jordan Staal in Islanders zone.
16:59 of 1st period - Connor McDavid is hit by Jordan Staal.
17:25 of 1st period - Shot by Jake Guentzel.
17:25 of 1st period - Shot Blocked by Mattias Ekholm.
17:27 of 1st period - Shot by Pavel Buchnevich.
17:27 of 1st period - Stopped by Ville Husso without a rebound.
17:28 of 1st period - Chandler Stephenson wins face-off versus Matt Duchene in Kings zone.
17:32 of 1st period - Icing by David Savard.
17:33 of 1st period - Matt Duchene wins face-off versus Chandler Stephenson in Kings zone.
17:45 of 1st period - Icing by David Savard.
17:46 of 1st period - Matt Duchene wins face-off versus Connor McDavid in Kings zone.
17:46 of 1st period - Matt Duchene is hit by Jake Guentzel.
18:35 of 1st period - Icing by Brent Burns.
18:36 of 1st period - Connor McDavid wins face-off versus Sidney Crosby in Islanders zone.
19:20 of 1st period - Shot by Logan Couture.
19:20 of 1st period - Shot Blocked by Neal Pionk.
19:22 of 1st period - Shot by Sidney Crosby.
19:22 of 1st period - Shot Misses the Net.
Goals for this period are 0 for Islanders vs 1 for Kings.
Shots for this period are 14 for Islanders vs 2 for Kings.

2nd period


0:01 of 2nd period - Chandler Stephenson wins face-off versus Sidney Crosby in neutral zone.
0:23 of 2nd period - Icing by Brent Burns.
0:24 of 2nd period - Matt Duchene wins face-off versus Brad Marchand in Islanders zone.
0:39 of 2nd period - Shot by Matt Duchene.
0:39 of 2nd period - Stopped by Igor Shesterkin without a rebound.
0:40 of 2nd period - Connor McDavid wins face-off versus Sidney Crosby in Islanders zone.
0:49 of 2nd period - Shot by Jake Guentzel.
0:49 of 2nd period - Stopped by Ville Husso without a rebound.
0:50 of 2nd period - Connor McDavid wins face-off versus Sidney Crosby in Kings zone.
0:51 of 2nd period - Shot by Jake Guentzel.
0:51 of 2nd period - Shot Hit the Post.
0:53 of 2nd period - Shot by Pavel Buchnevich.
0:53 of 2nd period - Shot Misses the Net.
1:00 of 2nd period - Pavel Buchnevich is hit by Jonas Brodin and loses puck.
2:19 of 2nd period - Mark Giordano is hit by Shea Theodore and loses puck.
2:49 of 2nd period - Matt Duchene is hit by Brent Burns and loses puck.
3:38 of 2nd period - Shot by Mason Marchment.
3:38 of 2nd period - Shot Blocked by David Savard.
3:54 of 2nd period - Shot by Jean-Gabriel Pageau.
3:54 of 2nd period - Goal by Jean-Gabriel Pageau - Islanders : 1 - Kings : 1.
3:55 of 2nd period - Connor McDavid wins face-off versus Nic Dowd in neutral zone.
4:07 of 2nd period - Shot by Connor McDavid.
4:07 of 2nd period - Stopped by Ville Husso with a rebound.
4:10 of 2nd period - Icing by Mattias Ekholm.
4:11 of 2nd period - Barrett Hayton wins face-off versus Nic Dowd in Kings zone.
6:35 of 2nd period - Off-side.
6:36 of 2nd period - Brandon Saad wins face-off versus Connor McDavid in neutral zone.
6:47 of 2nd period - Shot by Pavel Buchnevich.
6:47 of 2nd period - Shot Misses the Net.
6:49 of 2nd period - Shot by Brent Burns.
6:49 of 2nd period - Shot Misses the Net.
6:51 of 2nd period - Shot by Brent Burns.
6:51 of 2nd period - Shot Misses the Net.
6:53 of 2nd period - Shot by Connor McDavid.
6:53 of 2nd period - Shot Misses the Net.
6:55 of 2nd period - Shot by Brent Burns.
6:55 of 2nd period - Shot Blocked by Mattias Ekholm.
6:57 of 2nd period - Shot by Jake Guentzel.
6:57 of 2nd period - Goal by Jake Guentzel - Islanders : 2 - Kings : 1.
6:58 of 2nd period - Chandler Stephenson wins face-off versus Sidney Crosby in neutral zone.
7:03 of 2nd period - Shot by Brad Marchand.
7:03 of 2nd period - Deflect By Chandler Stephenson.
7:03 of 2nd period - Shot Misses the Net.
7:17 of 2nd period - Shot by Sidney Crosby.
7:17 of 2nd period - Shot Misses the Net.
7:19 of 2nd period - Shot by Ryan Suter.
7:19 of 2nd period - Stopped by Igor Shesterkin with a rebound.
7:39 of 2nd period - Shot by Sidney Crosby.
7:39 of 2nd period - Deflect By Alex Ovechkin.
7:39 of 2nd period - Shot Misses the Net.
7:59 of 2nd period - Shot by Matt Duchene.
7:59 of 2nd period - Stopped by Igor Shesterkin without a rebound.
8:00 of 2nd period - Jordan Staal wins face-off versus Connor McDavid in Islanders zone.
8:14 of 2nd period - Shot by Brandon Saad.
8:14 of 2nd period - Shot Blocked by Shea Theodore.
8:19 of 2nd period - Ilya Mikheyev is hit by Brent Burns.
8:24 of 2nd period - Icing by Shea Theodore.
8:25 of 2nd period - Matt Duchene wins face-off versus Connor McDavid in Islanders zone.
8:25 of 2nd period - Matt Duchene is hit by Brent Burns.
8:27 of 2nd period - Shot by Evander Kane.
8:27 of 2nd period - Stopped by Igor Shesterkin without a rebound.
8:28 of 2nd period - Jean-Gabriel Pageau wins face-off versus Matt Duchene in Islanders zone.
9:50 of 2nd period - Shot by Alex Ovechkin.
9:50 of 2nd period - Shot Misses the Net.
10:11 of 2nd period - Icing by Jake Guentzel.
10:12 of 2nd period - Jordan Staal wins face-off versus Connor McDavid in Islanders zone.
10:15 of 2nd period - Shot by Ilya Mikheyev.
10:15 of 2nd period - Deflect By Brandon Saad.
10:15 of 2nd period - Shot Blocked by Justin Holl.
10:27 of 2nd period - Shot by Brandon Saad.
10:27 of 2nd period - Stopped by Igor Shesterkin without a rebound.
10:28 of 2nd period - Chandler Stephenson wins face-off versus Nic Dowd in Islanders zone.
10:35 of 2nd period - Shot by Brad Marchand.
10:35 of 2nd period - Stopped by Ville Husso without a rebound.
10:36 of 2nd period - Chandler Stephenson wins face-off versus Sidney Crosby in Kings zone.
10:39 of 2nd period - Shot by Shayne Gostisbehere.
10:39 of 2nd period - Stopped by Ville Husso without a rebound.
10:40 of 2nd period - Chandler Stephenson wins face-off versus Alex Ovechkin in Kings zone.
10:53 of 2nd period - Shot by Sidney Crosby.
10:53 of 2nd period - Stopped by Igor Shesterkin without a rebound.
10:54 of 2nd period - Connor McDavid wins face-off versus Matt Duchene in Islanders zone.
10:54 of 2nd period - Connor McDavid is hit by Evander Kane.
11:08 of 2nd period - Mark Giordano is hit by Jake Guentzel and loses puck.
11:27 of 2nd period - Shot by Vladimir Tarasenko.
11:27 of 2nd period - Deflect By Matt Duchene.
11:27 of 2nd period - Shot Blocked by Ryan Graves.
11:57 of 2nd period - Icing by Brent Burns.
11:58 of 2nd period - Chandler Stephenson wins face-off versus Sidney Crosby in Islanders zone.
12:16 of 2nd period - Chandler Stephenson is hit by Sidney Crosby and loses puck.
12:39 of 2nd period - Logan Couture is hit by Shea Theodore.
13:33 of 2nd period - Shot by Jean-Gabriel Pageau.
13:33 of 2nd period - Shot Misses the Net.
14:08 of 2nd period - Icing by Ryan Suter.
14:09 of 2nd period - Connor McDavid wins face-off versus Matt Duchene in Kings zone.
14:10 of 2nd period - Shot by Jake Guentzel.
14:10 of 2nd period - Stopped by Ville Husso without a rebound.
14:11 of 2nd period - Matt Duchene wins face-off versus Connor McDavid in Kings zone.
14:16 of 2nd period - Shot by Jake Guentzel.
14:16 of 2nd period - Shot Misses the Net.
14:22 of 2nd period - Shot by Vladimir Tarasenko.
14:22 of 2nd period - Stopped by Igor Shesterkin without a rebound.
14:23 of 2nd period - Sidney Crosby wins face-off versus Chandler Stephenson in Islanders zone.
14:27 of 2nd period - Icing by Brad Marchand.
14:28 of 2nd period - Chandler Stephenson wins face-off versus Sidney Crosby in Islanders zone.
14:28 of 2nd period - Chandler Stephenson is hit by Logan Couture.
14:40 of 2nd period - Shot by Chandler Stephenson.
14:40 of 2nd period - Shot Misses the Net.
15:05 of 2nd period - Chandler Stephenson is hit by Alex Ovechkin and loses puck.
15:42 of 2nd period - Shot by Connor McDavid.
15:42 of 2nd period - Stopped by Ville Husso without a rebound.
15:43 of 2nd period - Jean-Gabriel Pageau wins face-off versus Jordan Staal in Kings zone.
16:11 of 2nd period - Shot by Mason Marchment.
16:11 of 2nd period - Goal by Mason Marchment - Islanders : 3 - Kings : 1.
16:12 of 2nd period - Connor McDavid wins face-off versus Matt Duchene in neutral zone.
16:15 of 2nd period - Shot by Jake Guentzel.
16:15 of 2nd period - Stopped by Ville Husso without a rebound.
16:16 of 2nd period - Matt Duchene wins face-off versus Connor McDavid in Kings zone.
16:29 of 2nd period - Shot by Jake Guentzel.
16:29 of 2nd period - Stopped by Ville Husso without a rebound.
16:30 of 2nd period - Sidney Crosby wins face-off versus Chandler Stephenson in Kings zone.
16:30 of 2nd period - Sidney Crosby is hit by Chandler Stephenson.
16:58 of 2nd period - Shot by Brad Marchand.
16:58 of 2nd period - Stopped by Ville Husso without a rebound.
16:59 of 2nd period - Connor McDavid wins face-off versus Matt Duchene in Kings zone.
17:16 of 2nd period - Shot by Connor McDavid.
17:16 of 2nd period - Stopped by Ville Husso with a rebound.
17:31 of 2nd period - Ryan Graves is hit by Evander Kane and loses puck.
17:38 of 2nd period - Shot by Matt Duchene.
17:38 of 2nd period - Deflect By Vladimir Tarasenko.
17:38 of 2nd period - Shot Hit the Post.
18:02 of 2nd period - Shot by Sidney Crosby.
18:02 of 2nd period - Stopped by Igor Shesterkin without a rebound.
18:03 of 2nd period - Michael Bunting wins face-off versus Jordan Staal in Islanders zone.
18:03 of 2nd period - Shea Theodore is hit by Jordan Staal and loses puck.
18:19 of 2nd period - Ilya Mikheyev is hit by Shea Theodore.
18:48 of 2nd period - Brandon Saad is hit by Michael Bunting and loses puck.
19:18 of 2nd period - Shot by Mason Marchment.
19:18 of 2nd period - Stopped by Ville Husso without a rebound.
19:18 of 2nd period - Minor Penalty to Rasmus Ristolainen for Tripping.
19:19 of 2nd period - Nic Dowd wins face-off versus Connor McDavid in Kings zone.
19:38 of 2nd period - Shot by Neal Pionk.
19:38 of 2nd period - Stopped by Ville Husso with a rebound.
19:40 of 2nd period - Shot by Shayne Gostisbehere.
19:40 of 2nd period - Shot Misses the Net.
19:42 of 2nd period - Shot by Connor McDavid.
19:42 of 2nd period - Deflect By Jake Guentzel.
19:42 of 2nd period - Goal by Jake Guentzel - Islanders : 4 - Kings : 1.
19:43 of 2nd period - Sidney Crosby wins face-off versus Jean-Gabriel Pageau in neutral zone.
19:57 of 2nd period - Shot by Kyle Palmieri.
19:57 of 2nd period - Deflect By Jean-Gabriel Pageau.
19:57 of 2nd period - Shot Blocked by Mark Giordano.
19:59 of 2nd period - Shot by Jean-Gabriel Pageau.
19:59 of 2nd period - Deflect By Mason Marchment.
19:59 of 2nd period - Shot Misses the Net.
Goals for this period are 4 for Islanders vs 0 for Kings.
Shots for this period are 16 for Islanders vs 8 for Kings.

3rd period


0:01 of 3rd period - Connor McDavid wins face-off versus Alex Ovechkin in neutral zone.
0:15 of 3rd period - Shot by Connor McDavid.
0:15 of 3rd period - Stopped by Ville Husso without a rebound.
0:16 of 3rd period - Matt Duchene wins face-off versus Chandler Stephenson in Kings zone.
0:31 of 3rd period - Shot by Chandler Stephenson.
0:31 of 3rd period - Stopped by Ville Husso without a rebound.
0:32 of 3rd period - Sidney Crosby wins face-off versus Connor McDavid in Kings zone.
0:49 of 3rd period - Shot by Shea Theodore.
0:49 of 3rd period - Stopped by Ville Husso without a rebound.
0:50 of 3rd period - Chandler Stephenson wins face-off versus Matt Duchene in Kings zone.
2:31 of 3rd period - Icing by Alex Ovechkin.
2:32 of 3rd period - Sidney Crosby wins face-off versus Connor McDavid in Kings zone.
2:34 of 3rd period - Minor Penalty to Connor McDavid for Hooking.
2:35 of 3rd period - Jean-Gabriel Pageau wins face-off versus Matt Duchene in Islanders zone.
2:46 of 3rd period - Shot by Ilya Mikheyev.
2:46 of 3rd period - Shot Hit the Post.
2:48 of 3rd period - Shot by Evander Kane.
2:48 of 3rd period - Shot Misses the Net.
2:50 of 3rd period - Shot by Ryan Suter.
2:50 of 3rd period - Stopped by Igor Shesterkin without a rebound.
2:51 of 3rd period - Matt Duchene wins face-off versus Jean-Gabriel Pageau in Islanders zone.
2:52 of 3rd period - Shot by Vladimir Tarasenko.
2:52 of 3rd period - Shot Misses the Net.
3:02 of 3rd period - Shot by Ryan Suter.
3:02 of 3rd period - Stopped by Igor Shesterkin without a rebound.
3:03 of 3rd period - Sidney Crosby wins face-off versus Jean-Gabriel Pageau in Islanders zone.
3:42 of 3rd period - Shot by Jonas Brodin.
3:42 of 3rd period - Stopped by Igor Shesterkin without a rebound.
3:43 of 3rd period - Matt Duchene wins face-off versus Jean-Gabriel Pageau in Islanders zone.
3:54 of 3rd period - Shot by Evander Kane.
3:54 of 3rd period - Goal by Evander Kane - Islanders : 4 - Kings : 2.
3:55 of 3rd period - Connor McDavid wins face-off versus Nic Dowd in neutral zone.
4:06 of 3rd period - Shot by Jake Guentzel.
4:06 of 3rd period - Stopped by Ville Husso without a rebound.
4:07 of 3rd period - Brad Marchand wins face-off versus Logan Couture in Kings zone.
4:36 of 3rd period - Icing by Jonas Brodin.
4:37 of 3rd period - Sidney Crosby wins face-off versus Connor McDavid in Kings zone.
5:16 of 3rd period - Minor Penalty to Evander Kane for Cross-checking.
5:17 of 3rd period - Brandon Saad wins face-off versus Chandler Stephenson in Kings zone.
5:34 of 3rd period - Shot by Pavel Buchnevich.
5:34 of 3rd period - Deflect By Mason Marchment.
5:34 of 3rd period - Shot Misses the Net.
5:36 of 3rd period - Shot by Shea Theodore.
5:36 of 3rd period - Shot Misses the Net.
5:38 of 3rd period - Shot by Pavel Buchnevich.
5:38 of 3rd period - Stopped by Ville Husso without a rebound.
5:39 of 3rd period - Jordan Staal wins face-off versus Connor McDavid in Kings zone.
5:46 of 3rd period - Shot by Connor McDavid.
5:46 of 3rd period - Stopped by Ville Husso with a rebound.
5:48 of 3rd period - Shot by Connor McDavid.
5:48 of 3rd period - Shot Misses the Net.
5:50 of 3rd period - Shot by Brad Marchand.
5:50 of 3rd period - Shot Misses the Net.
5:56 of 3rd period - Shot by Connor McDavid.
5:56 of 3rd period - Shot Blocked by Mattias Ekholm.
5:58 of 3rd period - Shot by Brad Marchand.
5:58 of 3rd period - Shot Misses the Net.
6:00 of 3rd period - Shot by Connor McDavid.
6:00 of 3rd period - Shot Misses the Net.
6:02 of 3rd period - Shot by Shayne Gostisbehere.
6:02 of 3rd period - Stopped by Ville Husso with a rebound.
7:33 of 3rd period - Justin Holl is hit by Mark Giordano and loses puck.
7:43 of 3rd period - Mark Giordano is hit by Justin Holl and loses puck.
7:56 of 3rd period - Shot by Alex Ovechkin.
7:56 of 3rd period - Shot Misses the Net.
7:58 of 3rd period - Shot by Logan Couture.
7:58 of 3rd period - Stopped by Igor Shesterkin with a rebound.
8:15 of 3rd period - Off-side.
8:16 of 3rd period - Matt Duchene wins face-off versus Jean-Gabriel Pageau in neutral zone.
8:25 of 3rd period - Off-side.
8:26 of 3rd period - Jean-Gabriel Pageau wins face-off versus Jordan Staal in neutral zone.
9:00 of 3rd period - Shea Theodore is hit by Jordan Staal and loses puck.
9:55 of 3rd period - Icing by Alex Ovechkin.
9:56 of 3rd period - Sidney Crosby wins face-off versus Chandler Stephenson in Kings zone.
10:14 of 3rd period - Icing by Ryan Graves.
10:15 of 3rd period - Chandler Stephenson wins face-off versus Vladimir Tarasenko in Islanders zone.
10:43 of 3rd period - Shot by Chandler Stephenson.
10:43 of 3rd period - Stopped by Ville Husso without a rebound.
10:44 of 3rd period - Jordan Staal wins face-off versus Connor McDavid in Kings zone.
11:03 of 3rd period - Shot by Ilya Mikheyev.
11:03 of 3rd period - Stopped by Igor Shesterkin without a rebound.
11:04 of 3rd period - Jean-Gabriel Pageau wins face-off versus Sidney Crosby in Islanders zone.
12:13 of 3rd period - Logan Couture is hit by Jake Guentzel and loses puck.
12:18 of 3rd period - Shot by Connor McDavid.
12:18 of 3rd period - Stopped by Ville Husso with a rebound.
12:20 of 3rd period - Shot by Jake Guentzel.
12:20 of 3rd period - Stopped by Ville Husso with a rebound.
13:09 of 3rd period - Shot by Brad Marchand.
13:09 of 3rd period - Shot Blocked by Mattias Ekholm.
13:44 of 3rd period - Barrett Hayton is hit by Mattias Ekholm and loses puck.
13:49 of 3rd period - Shot by Tanner Jeannot.
13:49 of 3rd period - Deflect By Barrett Hayton.
13:49 of 3rd period - Stopped by Ville Husso without a rebound.
13:49 of 3rd period - Minor Penalty to Jonas Brodin for Interference.
13:49 of 3rd period - Minor Penalty to Tanner Jeannot for Holding.
13:50 of 3rd period - Connor McDavid wins face-off versus Sidney Crosby in Kings zone.
14:27 of 3rd period - Shot by Connor McDavid.
14:27 of 3rd period - Stopped by Ville Husso with a rebound.
14:47 of 3rd period - Shot by Chandler Stephenson.
14:47 of 3rd period - Shot Blocked by Mattias Ekholm.
15:13 of 3rd period - Shot by Brandon Saad.
15:13 of 3rd period - Stopped by Igor Shesterkin without a rebound.
15:14 of 3rd period - Connor McDavid wins face-off versus Matt Duchene in Islanders zone.
15:57 of 3rd period - Shot by Nic Dowd.
15:57 of 3rd period - Shot Misses the Net.
16:00 of 3rd period - Icing by Jean-Gabriel Pageau.
16:01 of 3rd period - Jean-Gabriel Pageau wins face-off versus Jordan Staal in Islanders zone.
16:01 of 3rd period - Jean-Gabriel Pageau is hit by Jordan Staal.
16:04 of 3rd period - Icing by Ryan Graves.
16:05 of 3rd period - Jean-Gabriel Pageau wins face-off versus Jordan Staal in Islanders zone.
16:05 of 3rd period - Jean-Gabriel Pageau is hit by Jordan Staal.
16:46 of 3rd period - Shot by Ilya Mikheyev.
16:46 of 3rd period - Stopped by Igor Shesterkin without a rebound.
16:47 of 3rd period - Sidney Crosby wins face-off versus Connor McDavid in Islanders zone.
16:49 of 3rd period - Alex Ovechkin is hit by Brent Burns and loses puck.
17:33 of 3rd period - Shot by Sidney Crosby.
17:33 of 3rd period - Stopped by Igor Shesterkin without a rebound.
17:34 of 3rd period - Matt Duchene wins face-off versus Chandler Stephenson in Islanders zone.
17:49 of 3rd period - Matt Duchene is hit by Neal Pionk and loses puck.
18:10 of 3rd period - Shot by Brad Marchand.
18:10 of 3rd period - Stopped by Ville Husso without a rebound.
18:11 of 3rd period - Jean-Gabriel Pageau wins face-off versus Jordan Staal in Kings zone.
18:26 of 3rd period - Icing by Ryan Graves.
18:27 of 3rd period - Jean-Gabriel Pageau wins face-off versus Sidney Crosby in Islanders zone.
18:27 of 3rd period - Jean-Gabriel Pageau is hit by Alex Ovechkin.
18:53 of 3rd period - Shot by Sidney Crosby.
18:53 of 3rd period - Deflect By Alex Ovechkin.
18:53 of 3rd period - Shot Blocked by Jean-Gabriel Pageau.
18:55 of 3rd period - Shot by David Savard.
18:55 of 3rd period - Shot Misses the Net.
18:57 of 3rd period - Shot by Logan Couture.
18:57 of 3rd period - Stopped by Igor Shesterkin without a rebound.
18:58 of 3rd period - Matt Duchene wins face-off versus Connor McDavid in Islanders zone.
18:58 of 3rd period - Matt Duchene is hit by Brent Burns.
19:40 of 3rd period - Shot by Pavel Buchnevich.
19:40 of 3rd period - Stopped by Ville Husso without a rebound.
19:41 of 3rd period - Chandler Stephenson wins face-off versus Sidney Crosby in Kings zone.
19:43 of 3rd period - Brad Marchand is hit by Ryan Suter and loses puck.
Goals for this period are 0 for Islanders vs 1 for Kings.
Shots for this period are 14 for Islanders vs 10 for Kings.